 Dungeon Crawl Stone Soup version 0.28-a0-1312-g71652a0310 (webtiles) character file.

Game seed: 10488268096331558688

7786 tilp the Basher (level 11, -3/94 HPs)
             Began as a Grey Draconian Cinder Acolyte on Dec 27, 2021.
             Was a High Priest of Ignis.
             Slain by a wyvern (9 damage)
             ... on level 9 of the Dungeon.
             The game lasted 00:19:12 (12763 turns).

tilp the Basher (Grey Draconian Cinder Acolyte)    Turns: 12763, Time: 00:19:13

Health: -3/94      AC: 16    Str: 17    XL:     11   Next: 1%
Magic:  16/24      EV: 12    Int: 25    God:    Ignis [*****.]
Gold:   1165       SH:  4    Dex:  6    Spells: 11/16 levels left

rFire   + . .      SeeInvis .   b - +1 flail (drain)
rCold   . . .      Faith    .   e - +0 buckler
rNeg    . . .      Spirit   .   (armour unavailable)
rPois   .          Reflect  .   (helmet restricted)
rElec   .          Harm     .   E - +0 cloak
rCorr   .          Rampage  .   p - +2 pair of gloves
Will    .....                   (no boots)
Stlth   ++........              o - amulet of magic regeneration
HPRegen 0.25/turn               k - +6 ring of intelligence
MPRegen 0.59/turn               v - ring of magical power

@: no status effects
A: AC +12, amphibious, unfitting armour, cold-blooded
a: Renounce Religion, Fiery Armour, Foxfire Swarm, Rising Flame


You were on level 9 of the Dungeon.
You worshipped Ignis.
Ignis was extremely pleased with you.
You visited 1 branch of the dungeon, and saw 10 of its levels.

You collected 1467 gold pieces.
You spent 302 gold pieces at shops.

Inventory:

Hand Weapons
 a - a -1 mace of flaming
 b - a +1 flail of draining (weapon)
 A - a +0 whip of flaming
 J - a +0 dire flail
 N - a +3 whip
Missiles
 c - 5 silver javelins
 h - 21 poisoned darts (quivered)
 t - 4 boomerangs
 z - a throwing net
 I - 4 curare-tipped darts
Armour
 e - a +0 buckler (worn)
 p - a +2 pair of gloves (worn)
 E - a +0 cloak (worn)
Magical Staves
 s - a staff of cold
Jewellery
 k - a +6 ring of intelligence (left hand)
 l - a ring of resist corrosion
 o - an amulet of magic regeneration (around neck)
 v - a ring of magical power (right hand)
 w - a +6 ring of intelligence
 B - a ring of positive energy
Wands
 m - a wand of flame (45)
 u - a wand of digging (13)
 G - a wand of iceblast (6)
 L - a wand of charming (6)
Scrolls
 g - a scroll of magic mapping
 q - 3 scrolls of teleportation
 y - a scroll of immolation
 C - a scroll of brand weapon
 F - a scroll of enchant weapon
 H - a scroll of summoning
 K - a scroll of blinking
Potions
 d - 7 potions of curing
 f - 2 potions of heal wounds
 i - 4 potions of magic
 j - 5 potions of attraction
 n - 2 potions of lignification
 r - a potion of mutation
 x - 3 potions of ambrosia
 D - a potion of brilliance
 M - a potion of might


   Skills:
 + Level 7.8 Fighting
 * Level 10.1 Maces & Flails
 - Level 4.0 Dodging
 - Level 4.0 Stealth
 - Level 4.0 Shields
 - Level 3.0 Spellcasting
 - Level 4.0 Conjurations
 - Level 6.0 Fire Magic
 - Level 8.0 Earth Magic


You had 11 spell levels left.
You knew the following spells:

 Your Spells              Type           Power      Damage    Failure   Level
a - Scorch                Fire           66%        2d8       1%          2
b - Stone Arrow           Conj/Erth      66%        3d11      2%          3

Your spell library contained the following spells:

 Spells                   Type           Power      Damage    Failure   Level
 Sandblast                Erth           86%        2d18      1%          1
 Passwall                 Tmut/Erth      19%        N/A       3%          2
 Animate Skeleton         Necr           6%         N/A       10%         1
 Apportation              Tloc           6%         N/A       10%         1
 Summon Small Mammal      Summ           12%        N/A       10%         1
 Sublimation of Blood     Necr           3%         N/A       16%         2
 Wereblood                Tmut           3%         N/A       16%         2
 Gell's Gravitas          Tloc           3%         N/A       30%         3
 Ozocubu's Armour         Ice            3%         N/A       30%         3
 Teleport Other           Tloc           3%         N/A       30%         3
 Hailstorm                Conj/Ice       13%        3d5       41%         4
 Ice Form                 Ice/Tmut       3%         N/A       69%         4
 Metabolic Englaciation   Hex/Ice        1%         N/A       95%         5
 Dispersal                Tloc           1%         N/A       100%        6
 Simulacrum               Ice/Necr       1%         N/A       100%        6
 Summon Hydra             Summ           1%         N/A       100%        7


Dungeon Overview and Level Annotations

Branches:
Dungeon (10/15)            Temple (0/1) D:6             Orc (0/2) D:9
   Lair: D:8-11

Altars:
Cheibriados
Dithmenos
Hepliaklqana
Kikubaaqudgha
Makhleb
Ru
Vehumet

Annotations:
D:6 Sigmund
D:7 1 runed translucent door, Harold


Innate Abilities, Weirdness & Mutations

Your dull iron-grey scales are very hard. (AC +12)
You are amphibious.
You cannot fit into any form of body armour.
You are cold-blooded and may be slowed by cold attacks.


Message History

The centaur shoots an arrow.
The arrow hits you but does no damage.
The centaur shoots an arrow.
The arrow hits you.
The centaur shoots an arrow.
The arrow hits you but does no damage.
The centaur shoots an arrow.
You block the arrow.
The centaur shoots an arrow.
The arrow hits you.
* * * LOW HITPOINT WARNING * * *
The arrow burns you.
* * * LOW HITPOINT WARNING * * *
There is a stone staircase leading up here.
Unknown command.
The wyvern bites you but does no damage.
You climb upwards.
There is a stone staircase leading down here.
Unknown command.
Casting: Stone Arrow (mildly dangerous; 2% risk of failure)
Confirm with . or Enter, or press ? or * to list all spells.
Aiming: Stone Arrow (mildly dangerous; 2% risk of failure)
Press: ? - help, Shift-Dir - straight line, f - wyvern
Aim: a wyvern (74% to hit)
The stone arrow hits the wyvern!
The wyvern is severely wounded.
The wyvern barely misses you. The wyvern bites you!
* * * LOW HITPOINT WARNING * * *
Casting: Stone Arrow (mildly dangerous; 2% risk of failure)
Confirm with . or Enter, or press ? or * to list all spells.
Aiming: Stone Arrow (mildly dangerous; 2% risk of failure)
Press: ? - help, Shift-Dir - straight line, f/p - wyvern
Aim: a wyvern (severely wounded, 74% to hit)
The stone arrow misses the wyvern.
The wyvern bites you.
* * * LOW HITPOINT WARNING * * *
Unknown command.
Casting: Stone Arrow (mildly dangerous; 2% risk of failure)
Confirm with . or Enter, or press ? or * to list all spells.
Aiming: Stone Arrow (mildly dangerous; 2% risk of failure)
Press: ? - help, Shift-Dir - straight line, f/p - wyvern
Aim: a wyvern (severely wounded, 74% to hit)
The stone arrow misses the wyvern.
The wyvern bites you!
* * * LOW HITPOINT WARNING * * *
The wyvern bites you!
You die...

#..........#..#.['.##...##.#
#..#.......#.....#..(._....#
#..#.......#.##'#..##)..##.#
#..#.........#.....#..)..#.#
#............#.......#.#...#
#............#####..##.##..#
#.###........#####.........#
#.# #.....l..#..............
#.###.....#@.#..............
#.........#..###############
#..^........................
#.####.##'###.##..##...#####
#.####.#....#.##.......#####
#......'....#...............
#......#....#####'##########
#......#....##....#
#...#..#..........#


You could see a wyvern.

Vanquished Creatures
  A two-headed ogre (D:8)
  Pikel (D:5)
  A manticore (D:9)
  A troll (D:10)
  Grinder (D:4)
  14 yaks
  A wyvern (D:8)
  Edmund (D:6)
  4 orc warriors
  4 black bears
  An ice beast (D:7)
  2 ogres (D:4)
  4 centaurs
  4 phantoms
  3 lemures
  2 kobold brigands
  3 bullfrogs (D:8)
  2 scorpions (D:5)
  3 killer bees (D:9)
  5 wights (D:8)
  5 howler monkeys
  2 centaur zombies
  2 hounds
  6 orc priests
  2 jellies
  A bullfrog skeleton (D:6)
  2 centaur skeletons
  A gnoll shaman (D:6)
  4 iguanas
  5 orc wizards
  Terence (D:2)
  2 killer bee zombies
  A howler monkey zombie (D:5)
  12 adders
  8 gnolls
  3 white imps
  An ufetubus (D:4)
  A worm (D:3)
  An adder skeleton (D:4)
  3 dart slugs
  39 orcs
  8 bats
  6 endoplasms
  4 giant cockroaches
  5 goblins
  10 hobgoblins
  4 jackals (D:1)
  9 kobolds
  2 quokkas (D:3)
  8 ball pythons
  5 frilled lizards
  6 rats
227 creatures vanquished.

Vanquished Creatures (others)
  19 plants (D:5)
19 creatures vanquished.

Grand Total: 246 creatures vanquished

Notes
Turn   | Place    | Note
-------+----------+-------------------------------------------
     0 | D:1      | tilp the Draconian Cinder Acolyte began the quest for the
                  | Orb.
     0 | D:1      | Reached XP level 1. HP: 19/19 MP: 2/2
    97 | D:1      | Reached XP level 2. HP: 5/26 MP: 3/3
   380 | D:1      | Learned a level 2 spell: Scorch
   685 | D:1      | Reached skill level 4 in Maces & Flails
  1575 | D:2      | Reached XP level 3. HP: 31/31 MP: 1/4
  1759 | D:2      | Found a faded altar of an unknown god.
  1824 | D:2      | Found a radiant altar of Vehumet.
  1952 | D:2      | Found Ockisch's Assorted Antiques.
  1958 | D:2      | Bought a fuming clear potion for 18 gold pieces
  1958 | D:2      | Bought a red potion for 18 gold pieces
  1958 | D:2      | Bought a grey potion for 18 gold pieces
  1958 | D:2      | Bought an amethyst potion for 18 gold pieces
  2067 | D:2      | Noticed Terence
  2258 | D:2      | Killed Terence
  2259 | D:2      | Reached skill level 5 in Maces & Flails
  2259 | D:2      | Reached XP level 4. HP: 38/38 MP: 0/5
  2592 | D:2      | Identified the +6 chain mail "Irakasoz" {Drain Regen+
                  | Dex+2}
  3400 | D:3      | Reached XP level 5. HP: 41/45 MP: 2/6
  3537 | D:3      | Reached skill level 6 in Maces & Flails
  3612 | D:3      | Found an ancient bone altar of Kikubaaqudgha.
  3850 | D:3      | Identified a scroll of acquirement
  3850 | D:3      | Acquired 943 gold pieces
  3887 | D:2      | Bought an iron ring for 100 gold pieces
  3887 | D:2      | Bought a scroll of identify for 40 gold pieces
  3887 | D:2      | Bought a pair of gloves for 90 gold pieces
  4001 | D:4      | Noticed an ogre
  4004 | D:4      | Reached skill level 1 in Shields
  4006 | D:4      | Noticed Grinder
  4294 | D:4      | Killed an ogre
  4295 | D:4      | Reached XP level 6. HP: 51/51 MP: 3/7
  4325 | D:4      | Paralysed by Grinder for 5 turns
  4337 | D:4      | Paralysed by Grinder for 4 turns
  4344 | D:4      | Paralysed by Grinder for 2 turns
  4350 | D:4      | Killed Grinder
  4351 | D:4      | Reached skill level 1 in Dodging
  4351 | D:4      | Reached skill level 1 in Stealth
  5154 | D:4      | Your scales start taking on a dull iron-grey colour.
  5154 | D:4      | Reached XP level 7. HP: 42/59 MP: 2/8
  5361 | D:4      | Learned a level 3 spell: Stone Arrow
  5542 | D:5      | Entered Level 5 of the Dungeon
  5631 | D:5      | Reached skill level 1 in Earth Magic
  5640 | D:4      | Reached skill level 1 in Conjurations
  6157 | D:5      | Reached XP level 8. HP: 48/66 MP: 11/11
  6482 | D:5      | Found a hazy altar of Hepliaklqana.
  6758 | D:5      | Reached skill level 5 in Fire Magic
  7037 | D:6      | Noticed Pikel
  7432 | D:5      | Killed Pikel
  7556 | D:6      | Noticed Sigmund
  7597 | D:6      | Reached XP level 9. HP: 71/71 MP: 7/13
  7601 | D:6      | Found a staircase to the Ecumenical Temple.
  7620 | D:6      | Reached skill level 7 in Maces & Flails
  7710 | D:6      | Noticed Edmund
  7714 | D:6      | Killed Edmund
  7999 | D:6      | Found a burning altar of Makhleb.
  8004 | D:6      | Found a snail-covered altar of Cheibriados.
  8095 | D:6      | Reached skill level 8 in Maces & Flails
  8594 | D:7      | Found a runed translucent door.
  8830 | D:7      | Noticed Harold
  9379 | D:8      | Reached skill level 5 in Fighting
  9890 | D:8      | Noticed a two-headed ogre
  9923 | D:8      | Killed a two-headed ogre
  9924 | D:8      | Reached XP level 10. HP: 54/83 MP: 14/14
 11128 | D:9      | Found a sacrificial altar of Ru.
 11163 | D:9      | Found the +1 robe of Vines {NoPotionHeal Regen++++}
 11192 | D:9      | Found a staircase to the Orcish Mines.
 11366 | D:9      | Found a shadowy altar of Dithmenos.
 11681 | D:9      | Reached skill level 9 in Maces & Flails
 12177 | D:9      | Noticed a manticore
 12192 | D:9      | Killed a manticore
 12476 | D:9      | Reached skill level 10 in Maces & Flails
 12629 | D:10     | Entered Level 10 of the Dungeon
 12641 | D:10     | Reached XP level 11. HP: 74/94 MP: 11/15
 12763 | D:9      | Slain by a wyvern

Illustrated notes

Levels and vault maps discovered:
D:1:      dpeg_arrival_rooms_with_view, layout_basic
D:2:      layout_basic, serial_shops, nicolae_shop_waterfront,
          chequers_ecumenical_altar_simple_redux, basic_altar, uniq_terence
D:3:      layout_basic, lemuel_crystal_altar, minmay_misc_feat_roman,
          minmay_circle_x
D:4:      layout_layer_cave, uniq_grinder
D:5:      layout_basic, nicolae_hepliaklqana_hazy_memory, minmay_starry_boxes
D:6:      layout_loops_ring, nicolae_overflow_hidden_temple,
          minmay_temple_entry_hall, uniq_sigmund, uniq_edmund, uniq_pikel
D:7:      layout_loops_corners, serial_glass, glass_columns_b, glass_columns_c,
          glass_columns_b, glass_columns_b, lightli_church_of_beogh, uniq_harold
D:8:      layout_basic, item_on_display_a
D:9:      layout_stronghold, nicolae_dithmenos_through_a_glass_darkly,
          mainiacjoe_overflow_small_starburst, orc_0_dummy,
          hangedman_abyss_or_decor_passed
D:10:     layout_cross, grunt_temple_overflow_open, minmay_misc_feat_tiny

Skill      XL: |  1  2  3  4  5  6  7  8  9 10 |
---------------+-------------------------------+-----
Maces & Flails | 4 5 6 8 10 | 10.1
Shields        | 3 4 |  4.0
Dodging        | 1 2 4 |  4.0
Stealth        | 2 4 |  4.0
Fighting       | 4 6 7 |  7.8
Earth Magic    | 2 6 8 |  8.0
Conjurations   | 2 4 |  4.0
Spellcasting   | 2 3 |  3.0
Fire Magic     | 6 |  6.0

Action                   |  1- 3 |  4- 6 |  7- 9 | 10-12 || total
-------------------------+-------+-------+-------+-------++-------
Melee: Mace              |    76 |   108 |    91 |       ||   275
       Tailslap          |     4 |     8 |    18 |    11 ||    41
       Flail             |       |       |    57 |   126 ||   183
Throw: Dart              |     2 |     7 |     2 |     2 ||    13
 Cast: Scorch            |    21 |    55 |    64 |     7 ||   147
       Stone Arrow       |       |       |    67 |    78 ||   145
  Use: Scroll            |     8 |     7 |     6 |     4 ||    25
       Potion            |       |     2 |     1 |       ||     3
 Stab: Sleeping          |       |     1 |     1 |       ||     2
Armor: Skin              |    37 |    45 |    68 |    85 ||   235
Dodge: Dodged            |    60 |    70 |   106 |    82 ||   318
Block: Buckler           |       |       |    18 |    36 ||    54

Table legend: (Time is in decaauts)
 A = Elapsed time spent in this place.
 B = Non-inter-level travel time spent in this place.
 C = Inter-level travel time spent in this place.
 D = Time resting spent in this place.
 E = Time spent auto-exploring this place.
 F = Levels seen in this place.
 G = Mean time per level.
                   A        B        C        D        E       F      G
               +--------+--------+--------+--------+--------+-----+--------+
         Total |  12819 |  12338 |    481 |   1649 |   8727 |  10 | 1281.9 |
       Dungeon |  12819 |  12338 |    481 |   1649 |   8727 |  10 | 1281.9 |
               +--------+--------+--------+--------+--------+-----+--------+

Top non-repeatable levels by time:
     D:8: 1756 daAuts
     D:4: 1654 daAuts
     D:5: 1640 daAuts
     D:2: 1532 daAuts
     D:9: 1515 daAuts
     D:1: 1475 daAuts
     D:3: 1154 daAuts
     D:7: 1060 daAuts
     D:6: 899 daAuts
    D:10: 130 daAuts
